 Dungeon Crawl Stone Soup version 0.28-a0-909-g796cbd3a86 (webtiles) character file.

Game seed: 13831753459280126582

53 Froggeryz the Sneak (level 3, -3/21 HPs)
             Began as a Gargoyle Enchanter on Nov 24, 2021.
             Slain by a scorpion (6 damage)
             ... on level 3 of the Dungeon.
             The game lasted 00:01:42 (2008 turns).

Froggeryz the Sneak (Gargoyle Enchanter)            Turns: 2008, Time: 00:01:43

Health: -3/21      AC:  9    Str: 12    XL:     3   Next: 89%
Magic:  6/6        EV: 10    Int: 15    God:
Gold:   127        SH:  0    Dex: 10    Spells: 6/6 levels left

rFire   . . .      SeeInvis .   d - +0 rapier
rCold   . . .      Faith    .   (no shield)
rNeg    + . .      Spirit   .   a - +0 ring mail
rPois   ∞          Reflect  .   (no helmet)
rElec   +          Harm     .   g - +0 cloak
rCorr   .          Rampage  .   (no gloves)
Will    .....                   (no boots)
Stlth   +.........              (no amulet)
HPRegen 0.07/turn               (no ring)
MPRegen 0.10/turn               (no ring)

@: no status effects
A: sickness immunity, AC +3, negative energy resistance 1, electricity
resistance, torment resistance 1, petrification resistance
a: no special abilities


You were on level 3 of the Dungeon.
You visited 1 branch of the dungeon, and saw 3 of its levels.

You collected 127 gold pieces.

Inventory:

Hand Weapons
 d - a +0 rapier (weapon)
 f - a +0 club
Armour
 a - a +0 ring mail (worn)
 g - a +0 cloak (worn)
Scrolls
 h - 6 scrolls of identify {unknown}
 i - a scroll of teleportation {unknown}
 k - a scroll of blinking {unknown}
Potions
 b - a potion of brilliance {unknown}
 c - a potion of invisibility
 e - a potion of mutation {unknown}
 j - a potion of degeneration {unknown}
 l - a potion of might {unknown}


   Skills:
 - Level 2.1 Fighting
 - Level 0.8 Short Blades
 * Level 2.1 Maces & Flails
 - Level 1.0 Armour
 + Level 1.5 Dodging
 - Level 3.2 Stealth
 - Level 2.0 Spellcasting
 - Level 2.6 Hexes


You had 6 spell levels left.
You didn't know any spells.
Your spell library contained the following spells:

 Spells                   Type           Power      Damage    Failure   Level
 Ensorcelled Hibernation  Hex/Ice        10%        N/A       41%         2
 Confusing Touch          Hex            9%         N/A       45%         3
 Tukima's Dance           Hex            9%         N/A       45%         3
 Corpse Rot               Necr/Air       2%         N/A       58%         2
 Poisonous Vapours        Pois/Air       2%         N/A       58%         2
 Dazzling Flash           Conj/Hex       10%        N/A       65%         3


Dungeon Overview and Level Annotations

Branches:
Dungeon (3/15)

Altars:


Innate Abilities, Weirdness & Mutations

You are immune to sickness and miasma.
Your stone body is resilient. (AC +3)
You are immune to poison.
You resist negative energy. (rN+)
You are resistant to electric shocks. (rElec)
You are resistant to unholy torment.
You are immune to petrification.


Message History

The scorpion closely misses you.
You hit the scorpion.
The scorpion is heavily wounded.
The scorpion misses you.
You hit the scorpion but do no damage.
The scorpion is moderately wounded.
The scorpion barely misses you.
The scorpion stings you but does no damage.
You closely miss the scorpion.
The scorpion is moderately wounded.
The scorpion stings you but does no damage.
You barely miss the scorpion.
The scorpion is moderately wounded.
The scorpion stings you but does no damage. x2
You hit the scorpion.
The scorpion is severely wounded.
The scorpion stings you but does no damage.
You barely miss the scorpion.
The scorpion is severely wounded.
The scorpion stings you.
* * * LOW HITPOINT WARNING * * *
You closely miss the scorpion.
The scorpion is severely wounded.
The scorpion barely misses you. The scorpion closely misses you.
You hit the scorpion.
The scorpion is almost dead.
The scorpion stings you.
* * * LOW HITPOINT WARNING * * *
You closely miss the scorpion.
The scorpion is almost dead.
The scorpion stings you but does no damage.
The scorpion stings you.
* * * LOW HITPOINT WARNING * * *
You hit the scorpion but do no damage.
The scorpion is almost dead.
The scorpion stings you but does no damage.
You hit the scorpion but do no damage.
The scorpion is almost dead.
The scorpion stings you.
You die...

..<.. # .... .#
.=.. ..##
##..##....
#.......#
#....... #>s..#
#.@(.#
#####....#
#.....##.##.#
....###<......#
## ####.#### #


You could see a scorpion.

Vanquished Creatures
  2 adders (D:2)
  A dart slug (D:1)
  2 endoplasms (D:2)
  5 goblins
  2 hobgoblins (D:2)
  2 kobolds (D:1)
  3 quokkas
  3 ball pythons
  5 bats
  4 frilled lizards
  5 rats (D:1)
34 creatures vanquished.

Notes
Turn   | Place    | Note
-------+----------+-------------------------------------------
     0 | D:1      | Froggeryz the Gargoyle Enchanter began the quest for the
                  | Orb.
     0 | D:1      | Reached XP level 1. HP: 10/10 MP: 3/3
   506 | D:1      | Reached skill level 1 in Fighting
   506 | D:1      | Reached skill level 1 in Armour
   506 | D:1      | Reached XP level 2. HP: 16/16 MP: 5/5
   880 | D:1      | Reached skill level 1 in Maces & Flails
  1288 | D:2      | Reached XP level 3. HP: 18/21 MP: 6/6
  1984 | D:3      | Noticed a scorpion
  2008 | D:3      | Slain by a scorpion

Illustrated notes

Levels and vault maps discovered:
D:1:      amcnicky_arrival_double_pillar, layout_loops_ring, st_stairs_6,
          minmay_unequal
D:2:      layout_rooms
D:3:      layout_loops_cross, serial_shops, nicolae_shop_advertising_works
          [nicolae_subvault_shop_adworks], uniq_robin

Skill      XL: |  1  2  3 |
---------------+----------+-----
Fighting       | 1 2 |  2.1
Armour         | 1 |  1.0
Maces & Flails | 1 2 |  2.1
Short Blades   | |  0.8
Dodging        | |  1.5
Stealth        | |  3.2
Spellcasting   | |  2.0
Hexes          | |  2.6

Action                   || total
-------------------------++-------
Melee: Dagger            ||    20
       Rapier            ||   116
 Stab: Sleeping          ||     2
Armor: Robe              ||     4
       Ring mail         ||    73
Dodge: Dodged            ||    90

Table legend: (Time is in decaauts)
 A = Elapsed time spent in this place.
 B = Non-inter-level travel time spent in this place.
 C = Inter-level travel time spent in this place.
 D = Time resting spent in this place.
 E = Time spent auto-exploring this place.
 F = Levels seen in this place.
 G = Mean time per level.
                   A        B        C        D        E       F      G
               +--------+--------+--------+--------+--------+-----+--------+
         Total |   2024 |   1992 |     32 |    540 |   1110 |   3 |  674.7 |
       Dungeon |   2024 |   1992 |     32 |    540 |   1110 |   3 |  674.7 |
               +--------+--------+--------+--------+--------+-----+--------+

Top non-repeatable levels by time:
     D:1: 1231 daAuts
     D:2: 765 daAuts
     D:3: 27 daAuts
